 Dungeon Crawl Stone Soup version 0.31.0-9-g3a7656b989 (webtiles) character file.

Game seed: 10119999820475557468

65 qw the Shooter (level 3, 0/20 HPs)
             Began as a Deep Elf Hunter on Feb 2, 2024.
             Slain by Terence
             ... wielding a +0 trident
              (6 damage)
             ... on level 3 of the Dungeon.
             The game lasted 00:00:06 (1982 turns).

qw the Shooter (Deep Elf Hunter)                    Turns: 1982, Time: 00:00:07

Health: 0/20       AC:  6    Str: 10    XL:     3   Next: 94%
Magic:  5/5        EV: 11    Int: 13    God:
Gold:   191        SH:  0    Dex: 18    Spells: 2/2 levels left

rFire   . . .        a - +0 shortbow
rCold   . . .        (shield currently unavailable)
rNeg    . . .        i - +0 ring mail
rPois   .            (no helmet)
rElec   .            (no cloak)
rCorr   .            f - +0 pair of gloves
SInv    .            (no boots)
Will    .....        (no amulet)
Stlth   +            (no ring)
HPRegen 0.23/turn    (no ring)
MPRegen 0.09/turn

%: no passive effects
@: about to teleport
A: no striking features
a: no special abilities


You were on level 3 of the Dungeon.
You visited 1 branch of the dungeon, and saw 3 of its levels.

You collected 191 gold pieces.


   Skills:
 - Level 1.5 Fighting
 + Level 7.4 Ranged Weapons
 - Level 2.4 Dodging
 - Level 1.2 Stealth


You had 2 spell levels left.
You didn't know any spells.
Your spell library was empty.

Inventory:

Hand Weapons
 a - a +0 shortbow (weapon)
Armour
 f - a +0 pair of gloves (worn)
 i - a +0 ring mail (worn)
 j - a +0 cloak
 m - a scarf of shadows
Wands
 h - a wand of mindburst (11)
Potions
 b - a potion of magic {unknown}
 c - a potion of cancellation {unknown}
 d - 2 potions of enlightenment
 e - 5 potions of curing
 g - a potion of heal wounds
 k - 2 potions of might {unknown}

Dungeon Overview and Level Annotations

Branches:
Dungeon (3/15)

Altars:

Shops:
D:1 [

Annotations:
D:3 Terence


Message History

You shoot an arrow. The arrow closely misses the rat.
Terence closely misses you. The rat bites you but does no damage.
You shoot an arrow. The arrow hits the rat!
You kill the rat!
Terence hits you from afar with a +0 trident.
You shoot an arrow.
The arrow hits Terence but does no damage.
Terence is moderately wounded.
Terence hits you but does no damage.
You shoot an arrow. The arrow hits Terence.
Terence is heavily wounded.
Terence hits you but does no damage. Terence closely misses you.
You shoot an arrow.
The arrow hits Terence but does no damage.
Terence is heavily wounded.
Terence hits you but does no damage.
You shoot an arrow.
The arrow hits Terence but does no damage.
Terence is heavily wounded.
Terence misses you.
You shoot an arrow. The arrow barely misses Terence.
Terence misses you.
You shoot an arrow.
The arrow hits Terence but does no damage.
Terence is heavily wounded.
Terence hits you but does no damage.
You shoot an arrow.
The arrow hits Terence but does no damage.
Terence is heavily wounded.
Terence hits you from afar with a +0 trident.
Terence misses you.
You shoot an arrow. The arrow hits Terence.
Terence is heavily wounded.
Terence hits you from afar with a +0 trident.
1982 ||| READING scroll of teleportation.
As you read the scroll of teleportation, it crumbles to dust.
You feel strangely unstable.
Terence hits you from afar with a +0 trident.
You die...
Terence says, "That felt goooood."

...### ..........
.. # #......... # #
#......... .
#.........
#.........
#...@.....
#.........
#.@.......
#.........
#.######.......#
###.# #........
##...# #.......#
#..########.......#
#.........#.......#
#..##++##.#.......#
##.# #.#.......#


You could see Terence.

Vanquished Creatures
  An adder (D:3)
  5 orcs
  7 ball pythons
  2 bats
  3 endoplasms
  6 goblins
  5 hobgoblins
  6 kobolds
  3 quokkas
  3 frilled lizards
  6 rats
47 creatures vanquished.

Notes
Turn   | Place    | Note
-------+----------+-------------------------------------------
     0 | D:1      | qw the Deep Elf Hunter began the quest for the Orb.
     0 | D:1      | Reached XP level 1. HP: 12/12 MP: 3/3
     0 | D:1      | 0 ||| qw: Version: 0.3-a-155-g5e7d8dd
     0 | D:1      | 0 ||| qw: Game counter: 675
     0 | D:1      | 0 ||| qw: Melee chars always use a shield: true
     0 | D:1      | 0 ||| qw: God list: Okawaru
     0 | D:1      | 0 ||| qw: Allow faded altars: false
     0 | D:1      | 0 ||| qw: Do Orc after clearing Dungeon:15 true
     0 | D:1      | 0 ||| qw: Do second Lair branch before Depths: true
     0 | D:1      | 0 ||| qw: Lair rune preference: random
     0 | D:1      | 0 ||| qw: Goals: Normal
     0 | D:1      | 0 ||| PLANNING D:1-11
    81 | D:1      | Found Woeqy's Antique Armour Boutique.
    90 | D:1      | 90 ||| SHOPLISTING glowing leather armour (150 gold, have
                  | 9).
    90 | D:1      | 90 ||| SHOPLISTING pair of boots (135 gold, have 9).
    90 | D:1      | 90 ||| SHOPLISTING ring mail (120 gold, have 9).
   171 | D:1      | Reached skill level 6 in Ranged Weapons
   171 | D:1      | Reached XP level 2. HP: 16/16 MP: 4/4
   832 | D:1      | 832 ||| UPGRADING to +0 pair of gloves.
   837 | D:1      | 837 ||| UPGRADING to +0 scale mail.
   847 | D:1      | 847 ||| DROPPING +0 leather armour.
   848 | D:1      | 848 ||| READING 2 scrolls labelled QUSUMU JYGE.
   848 | D:1      | 848 ||| IDENTIFYING bubbling emerald potion
   849 | D:1      | 849 ||| READING scroll of identify.
   849 | D:1      | 849 ||| IDENTIFYING 2 fizzy emerald potions
   850 | D:1      | 850 ||| READING scroll labelled XAUDUO PITEKOS.
   851 | D:1      | 851 ||| DRINKING 4 coppery potions.
   852 | D:1      | 852 ||| DROPPING scroll of butterflies.
   853 | D:1      | 853 ||| DROPPING 2 potions of berserk rage.
   989 | D:2      | Reached XP level 3. HP: 20/20 MP: 5/5
  1255 | D:2      | 1255 ||| UPGRADING to +0 ring mail.
  1265 | D:2      | 1265 ||| DROPPING +0 scale mail.
  1266 | D:2      | 1266 ||| READING scroll of identify.
  1266 | D:2      | 1266 ||| IDENTIFYING 2 purple potions
  1267 | D:2      | 1267 ||| READING scroll labelled XIODIU HAWK.
  1272 | D:2      | 1272 ||| READING scroll labelled GEXOKUINYI.
  1402 | D:3      | 1402 ||| STAIRDANCE
  1410 | D:3      | 1410 ||| STAIRDANCE
  1417 | D:3      | 1417 ||| STAIRDANCE
  1425 | D:3      | 1425 ||| STAIRDANCE
  1431 | D:2      | Reached skill level 7 in Ranged Weapons
  1798 | D:3      | Found a faded altar of an unknown god.
  1966 | D:3      | Noticed Terence
  1981 | D:3      | HP: 5/20 [Terence/+0 trident (5)]
  1982 | D:3      | 1982 ||| READING scroll of teleportation.
  1982 | D:3      | Slain by Terence

Levels and vault maps discovered:
D:1:      amcnicky_arrival_gap_in_the_tavern_cellar, layout_basic, serial_shops,
          nicolae_shop_tiny_glass, minmay_hexomino_u4
D:2:      layout_rooms
D:3:      layout_basic, general_overflow_altar,
          hellmonk_ecumenical_altar_pennies_from_heaven,
          chequers_serial_rivers_micro_b, dreamdust_wishing_well, st_stairs_9,
          uniq_terence

Skill      XL: |  1  2  3 |
---------------+----------+-----
Ranged Weapons | 6 7 |  7.4
Fighting       | |  1.5
Dodging        | |  2.4
Stealth        | |  1.2

Action                     || total
---------------------------++-------
   Fire: Shortbow          ||   125
    Use: Scroll            ||     7
         Potion            ||     1
 Armour: Leather armour    ||     2
         Scale mail        ||     5
         Ring mail         ||    34
  Dodge: Dodged            ||    25

Table legend:
 A = Non-vault XP
 B = Vault XP
 C = Vault XP percentage of total XP
 D = Non-vault monster count
 E = Vault monster count
 F = Vault count percentage of total count
                 A         B        C        D         E       F
            +---------+---------+-------+---------+---------+-------
      Total |      84 |      10 |  10.6 |      41 |       6 |  12.8
            +---------+---------+-------+---------+---------+-------
        D:1 |      25 |       7 |  21.9 |      16 |       4 |  20.0
        D:2 |      28 |       3 |   9.7 |      14 |       2 |  12.5
        D:3 |      31 |       0 |   0.0 |      11 |       0 |   0.0
            +---------+---------+-------+---------+---------+-------
